 Dungeon Crawl Stone Soup version 0.30-a0-823-geb93a13fce (webtiles) character file.

Game seed: 4887111471487106688

63 dialectric the Trooper (level 3, 0/29 HPs)
             Began as a Demonspawn Fighter on Feb 26, 2023.
             Slain by a goblin
             ... wielding a +0 club
             ... led by Robin
              (4 damage)
             ... on level 1 of the Dungeon on Feb 27, 2023.
             The game lasted 00:01:55 (581 turns).

dialectric the Trooper (Demonspawn Fighter)          Turns: 581, Time: 00:01:56

Health: 0/29       AC:  7    Str: 18    XL:     3   Next: 89%
Magic:  3/3        EV: 10    Int:  9    God:
Gold:   21         SH:  0    Dex: 12    Spells: 2/2 levels left

rFire   . . .      SeeInvis .    a - +0 long sword
rCold   . . .      Faith    .    (no shield)
rNeg    . . .      Spirit   .    b - +0 scale mail
rPois   .          Reflect  .    (helmet restricted)
rElec   .          Harm     .    (no cloak)
rCorr   .          Rampage  .    (no gloves)
Will    .....                    f - +0 pair of boots Stlth
                                 (no amulet)
HPRegen 0.24/turn                (no ring)
MPRegen 0.08/turn                (no ring)

@: mighty
A: antennae 1
a: no special abilities


You were on level 1 of the Dungeon.
You visited 1 branch of the dungeon, and saw 2 of its levels.

You collected 21 gold pieces.

Inventory:

Hand Weapons
 a - a +0 long sword (weapon)
Armour
 b - a +0 scale mail (worn)
 c - a +0 buckler
 f - a +0 pair of boots (worn)
 l - a +0 helmet
Jewellery
 e - a ring of ice
 k - a ring of see invisible
Scrolls
 g - a scroll of teleportation {unknown}
 i - a scroll of enchant armour {unknown}
 j - 3 scrolls of identify {unknown}
Potions
 d - a potion of might
 h - a potion of resistance {unknown}


   Skills:
 + Level 3.5 Fighting
 + Level 2.5 Long Blades
 + Level 3.1 Armour
 * Level 1.3 Dodging
 - Level 2.6 Shields


You had 2 spell levels left.
You didn't know any spells.
Your spell library was empty.

Dungeon Overview and Level Annotations

Branches:
Dungeon (2/15)

Altars:
Hepliaklqana

Annotations:
D:2 Robin


Innate Abilities, Weirdness & Mutations

You have a pair of small antennae on your head.


Message History

Terence is moderately wounded.
Terence closely misses you.
You hit Terence.
Terence is heavily wounded.
Terence hits you with a +0 flail. Terence barely misses you.
You closely miss Terence.
Terence is heavily wounded.
Terence closely misses you.
You slash Terence!
You kill Terence!
Items here: )) [ ††.
There is a stone staircase leading down here.
You climb downwards.
Level annotation: Robin Robin roars a battlecry!
The goblins go into a battle-frenzy!
The goblin hits you but does no damage. The hobgoblin barely misses you.
The rat bites you but does no damage.
The goblin hits you but does no damage. x2
There is a stone staircase leading up here.
The hobgoblin misses you. The goblin hits you with a +0 club.
The rat bites you. The goblin hits you with a +0 dagger.
The goblin closely misses you.
You climb upwards.
There is a stone staircase leading down here.
Unknown command.
Unknown command.
The hobgoblin attacks as you move away! The hobgoblin hits you.
The goblin closely misses you. The goblin hits you but does no damage.
The rat barely misses you. The goblin hits you but does no damage.
The hobgoblin attacks as you move away! The hobgoblin hits you.
The goblin hits you with a +0 club. The goblin attacks as you move away!
The goblin hits you with a +0 club.
* * * LOW HITPOINT WARNING * * *
Items here: )) [ ††.
You closely miss the goblin. The goblin hits you with a +0 club.
* * * LOW HITPOINT WARNING * * *
The goblin hits you with a +0 club.
* * * LOW HITPOINT WARNING * * *
You completely miss the goblin. The goblin hits you with a +0 club.
You die...

#.##...##.####.....#########..
#.##.#.##...#....######8######
#.##.#.##....^.####......§§§##
#.##....#..#...##.......§§§§..
####.†....##....###....####§§§§§§
#....##.#.##.>..##...### ###§§..
##......#.##..{{##..## ##...
#.######.####g##..## ##.. #.# #.#
#gg@..# #.. #.# #.# ####.## ##.
### #.# #.# #. #.# #.# #.
#.#######.## ##. #......##..# #..
#..###.....## ##.. #...[..##...##
##... #.......##...### ###....


You could see a hobgoblin (strong) and 2 goblins.

Vanquished Creatures
  Terence (D:1)
  A gnoll (D:1)
  3 dart slugs (D:1)
  An endoplasm (D:1)
  4 giant cockroaches (D:1)
  3 goblins (D:1)
  2 hobgoblins (D:1)
  A quokka (D:1)
  2 ball pythons (D:1)
  3 kobolds (D:1)
  4 rats (D:1)
25 creatures vanquished.

Notes
Turn   | Place    | Note
-------+----------+-------------------------------------------
     0 | D:1      | dialectric the Demonspawn Fighter began the quest for the
                  | Orb.
     0 | D:1      | Reached XP level 1. HP: 18/18 MP: 1/1
    92 | D:1      | Gained mutation: You have a pair of small antennae on your
                  | head. [demonic ancestry]
    92 | D:1      | Reached XP level 2. HP: 24/24 MP: 2/2
   264 | D:1      | Reached skill level 1 in Dodging
   264 | D:1      | Reached XP level 3. HP: 24/29 MP: 3/3
   432 | D:1      | Upgraded the game from 0.30-a0-808-g6e0788376e to
                  | 0.30-a0-823-geb93a13fce
   549 | D:2      | Noticed Terence
   549 | D:2      | Found a hazy altar of Hepliaklqana.
   551 | D:2      | Noticed Robin
   566 | D:1      | Killed Terence
   581 | D:1      | Slain by a goblin

Illustrated notes

Levels and vault maps discovered:
D:1:      heliophobic_arrival_dark_side_of_the_moon, layout_basic
D:2:      layout_rooms, basic_altar, uniq_robin, uniq_sigmund, uniq_jessica,
          uniq_terence

Skill      XL: |  1  2 |
---------------+-------+-----
Armour         | 3 |  3.1
Long Blades    | 2 |  2.5
Dodging        | 1 |  1.3
Fighting       | |  3.5
Shields        | |  2.6

Action                     || total
---------------------------++-------
  Melee: Long sword        ||    60
         Punch             ||     1
    Use: Scroll            ||     1
         Potion            ||     1
 Armour: Scale mail        ||    24
  Dodge: Dodged            ||    44

Table legend: (Time is in decaauts)
 A = Elapsed time spent in this place.
 B = Non-inter-level travel time spent in this place.
 C = Inter-level travel time spent in this place.
 D = Time resting spent in this place.
 E = Time spent auto-exploring this place.
 F = Levels seen in this place.
 G = Mean time per level.
                   A        B        C        D        E       F      G
               +--------+--------+--------+--------+--------+-----+--------+
         Total |    600 |    576 |     24 |      0 |    378 |   2 |  300.0 |
       Dungeon |    600 |    576 |     24 |      0 |    378 |   2 |  300.0 |
               +--------+--------+--------+--------+--------+-----+--------+

Top non-repeatable levels by time:
     D:1: 590 daAuts
     D:2: 9 daAuts
